Map: Catalyst LE

Players

eonblu

  • Race: Zerg Zerg
  • League: Grandmaster
  • Spawn Location: 11:00

Clem - Winner!

  • Race: Terran Terran
  • League: Grandmaster
  • Spawn Location: 5:00

Event: HomeStory Cup XVII

VOD

Have the link to the VOD?

Description

Time

  • Played on: June 28, 2018, 9:52 a.m.
  • Length: 15:44

All games in this series

Show
View Real Time Build Order
Export as new Build Order

eonblu Zerg 

Build Orders: Pool First, Ravager All-In 

Get SALT Encoding   

  12  0:01  Drone  
  13  0:12  Overlord  
  13  0:17  Drone  
  14  0:31  Drone x2  
  16  0:37  Drone  
  17  0:46  Spawning Pool  
  17  0:50  Drone  
  17  1:10  Hatchery  
  16  1:11  Drone  
  16  1:15  Drone  
  18  1:20  Extractor x2  
  18  1:21  Drone  
  18  1:32  Zergling x2  
  18  1:38  Roach Warren  
  17  1:43  Drone  
  18  1:53  Overlord  
  18  2:19  Roach x2  
  24  2:23  Roach x2  
  26  2:33  Roach x2  
  30  2:40  Ravager  
  30  2:41  Ravager  
  32  2:58  Ravager  
  32  2:59  Drone x3  
  35  3:13  Overlord  
  35  3:15  Drone  
  36  3:32  Ravager x2  
  38  3:38  Drone x2  
  38  3:39  Drone x4  
  44  3:51  Overlord  
  39  4:04  Drone  
  39  4:06  Metabolic Boost, Drone  
  41  4:23  Overlord  
  41  4:24  Queen  
  41  4:29  Queen  
  42  4:36  Hatchery  
  41  4:48  Overlord x2  
  41  4:56  Roach x2  
  45  5:02  Roach x2  
  45  5:06  Roach  
  45  5:07  Roach  
  53  5:13  Zergling x2  
  54  5:18  Ravager  
  54  5:19  Ravager  
  54  5:20  Zergling x2  
  57  5:23  Zergling x2  
  57  5:25  Ravager x2  
  61  5:28  Ravager  
  61  5:29  Overlord  
  61  5:35  Zergling x8  
  62  5:39  Zergling x6  
  68  5:50  Zergling x6  
  70  5:57  Zergling x2  
  63  6:07  Zergling x6  
  63  6:09  Ravager  
  56  6:19  Zergling x14  
  61  6:31  Queen  
  60  6:39  Zergling x10  
  57  6:45  Lair  
  54  6:47  Evolution Chamber  
  54  6:48  Drone, Evolution Chamber  
  54  6:49  Drone x2  
  51  6:59  Drone  
  51  7:00  Drone x2  
  51  7:01  Drone  
  47  7:06  Drone x2  
  47  7:07  Drone  
  47  7:11  Overlord  
  47  7:13  Drone  
  48  7:19  Drone x2  
  45  7:23  Drone  
  45  7:24  Drone x2  
  45  7:25  Drone  
  45  7:29  Zerg Missile Weapons Level 1  
  49  7:35  Zerg Ground Armor Level 1  
  49  7:38  Overlord  
  49  7:42  Glial Reconstitution  
  49  7:44  Roach  
  51  7:46  Roach  
  53  7:53  Roach x3  
  53  7:57  Roach x2  
  63  8:01  Roach  
  65  8:06  Drone x5  
  65  8:08  Extractor  
  65  8:09  Drone  
  65  8:10  Zergling x2  
  71  8:14  Drone x2  
  71  8:15  Drone  
  71  8:16  Drone  
  71  8:18  Drone  
  71  8:19  Drone  
  77  8:24  Overlord  
  77  8:30  Drone x2  
  77  8:31  Drone x2  
  81  8:35  Overlord  
  81  8:41  Roach x5  
  89  8:45  Overlord  
  89  8:46  Roach  
  93  8:51  Roach x2  
  97  8:58  Roach x4  
  97  9:02  Zergling x8  
  109  9:09  Overlord  
  107  9:11  Zergling x2  
  107  9:12  Zergling x8  
  92  9:25  Zergling x12  
  86  9:32  Queen  
  86  9:34  Roach x3  
  86  9:36  Ravager  
  86  9:37  Ravager x3  
  98  9:39  Zerg Missile Weapons Level 2  
  97  9:46  Roach x4  
  97  9:49  Overlord  
  97  9:50  Overlord  
  103  9:59  Hatchery  
  96  10:03  Roach x5  
  101  10:09  Roach  
  101  10:10  Roach x2  
  101  10:14  Roach  
  103  10:15  Zergling x2  
  103  10:16  Zergling x6  
  103  10:20  Zergling x2, Extractor  
  103  10:21  Extractor  
  100  10:25  Zergling x4  
  102  10:32  Zergling x2  
  103  10:40  Zergling x10  
  89  10:46  Roach  
  89  10:47  Roach x5  
  98  10:54  Roach x2  
  94  10:58  Roach  
  94  11:03  Roach  
  94  11:04  Roach x3  
  97  11:08  Roach  
  97  11:09  Roach  
  97  11:14  Roach x4  
  105  11:23  Drone x5  
  110  11:28  Zerg Ground Armor Level 2  
  110  11:30  Roach  
  110  11:39  Drone x4  
  115  11:40  Drone x2  
  115  11:41  Drone  
  115  11:43  Queen  
  118  11:54  Drone x3  
  118  11:56  Drone  
  118  11:57  Roach x2, Hydralisk Den, Extractor  
  118  11:58  Roach x5  
  134  12:01  Infestation Pit, Drone  
  134  12:02  Drone  
  134  12:03  Extractor  
  132  12:17  Drone x3  
  134  12:26  Grooved Spines  
  134  12:33  Hydralisk x5  
  134  12:35  Overlord x2  
  134  12:36  Overlord  
  144  12:45  Roach  
  144  12:46  Roach  
  144  12:47  Overlord x2  
  144  12:49  Hive  
  144  12:52  Extractor  
  143  13:00  Roach x7  
  143  13:01  Roach x2  
  143  13:02  Overlord  
  143  13:03  Overlord  
  161  13:17  Drone x3  
  161  13:18  Overlord x2  
  161  13:19  Roach x4  
  166  13:33  Hydralisk x6  
  174  13:38  Muscular Augments  
  174  13:59  Roach x3  
  174  14:00  Viper x3  
  189  14:03  Hydralisk  
  189  14:09  Drone x9  
  196  14:15  Drone x6  
  196  14:16  Drone  
  192  14:24  Hydralisk x4  
  198  14:51  Roach x7  
  198  14:52  Roach x4  
  198  15:00  Roach  
  155  15:18  Roach x12  
Show
View Real Time Build Order
Export as new Build Order

Clem Terran - Winner!

Build Orders: Reaper Expand 

Get SALT Encoding   

  12  0:01  SCV  
  13  0:13  SCV  
  14  0:17  Supply Depot  
  14  0:25  SCV  
  15  0:38  SCV  
  15  0:40  Barracks  
  16  0:44  Refinery  
  16  0:50  SCV  
  17  1:02  SCV  
  18  1:15  SCV  
  19  1:28  Orbital Command, Reaper  
  20  1:41  Command Center  
  20  1:53  SCV  
  20  1:54  Supply Depot  
  21  2:00  Marine  
  22  2:05  Factory  
  22  2:09  SCV  
  22  2:14  Refinery  
  23  2:21  Barracks Reactor  
  23  2:22  SCV  
  24  2:34  SCV  
  25  2:46  SCV  
  26  2:53  Starport  
  26  2:57  Orbital Command  
  26  2:58  SCV  
  26  3:03  Hellion x2  
  31  3:11  Barracks Tech Lab  
  31  3:12  Marine  
  32  3:14  Bunker  
  32  3:24  Cyclone  
  36  3:29  Marine  
  34  3:38  Viking  
  34  3:41  SCV  
  36  3:45  Hellion  
  36  3:47  Marine  
  36  3:52  SCV  
  35  3:59  SCV  
  34  4:05  Marine  
  34  4:06  Cyclone  
  37  4:15  SCV  
  34  4:18  SCV  
  34  4:23  Marine  
  33  4:28  SCV  
  33  4:30  SCV  
  33  4:33  Supply Depot  
  33  4:40  SCV  
  33  4:42  SCV  
  36  4:48  Barracks Reactor, Factory Tech Lab  
  36  4:52  SCV  
  36  4:54  Supply Depot, SCV  
  37  5:04  SCV  
  38  5:12  Supply Depot  
  38  5:16  Siege Tank, SCV  
  38  5:18  Supply Depot  
  38  5:19  SCV  
  43  5:24  Marine x2  
  46  5:28  SCV  
  46  5:34  SCV  
  47  5:39  Medivac  
  47  5:40  SCV  
  47  5:41  Marine x2  
  52  5:46  SCV  
  52  5:47  Command Center  
  53  5:52  SCV  
  54  5:58  SCV, Siege Tank  
  54  5:59  Marine  
  54  6:02  Marine  
  59  6:04  SCV  
  59  6:09  Bunker  
  59  6:10  SCV  
  59  6:11  Supply Depot  
  60  6:17  Marine, SCV  
  56  6:22  SCV  
  56  6:23  Marine  
  50  6:29  SCV  
  47  6:35  Marine, SCV  
  47  6:37  Siege Tank  
  47  6:40  Viking  
  47  6:41  Marine, SCV  
  47  6:47  SCV  
  52  6:53  Marine, SCV  
  54  6:57  Barracks  
  54  6:58  Barracks  
  54  6:59  Marine, SCV  
  54  7:05  SCV  
  54  7:10  Marine  
  54  7:11  Siege Tank, SCV  
  54  7:13  Starport Tech Lab  
  59  7:17  Marine, SCV  
  60  7:23  SCV  
  60  7:28  Marine  
  62  7:31  Engineering Bay  
  62  7:32  Engineering Bay  
  62  7:40  Starport Reactor  
  62  7:41  Supply Depot  
  62  7:44  Marine, SCV x2  
  62  7:46  Barracks Reactor, Marine  
  66  7:53  Supply Depot  
  66  7:54  Refinery, Stimpack  
  66  7:55  Refinery, Marine  
  66  7:56  SCV x2  
  69  8:00  Supply Depot  
  69  8:01  Marine  
  69  8:03  Terran Infantry Weapons Level 1  
  69  8:04  Marine  
  71  8:08  SCV  
  71  8:09  Supply Depot  
  71  8:11  SCV  
  73  8:12  Marine  
  73  8:17  Terran Infantry Armor Level 1  
  73  8:19  Marine  
  75  8:22  Supply Depot, Marine  
  75  8:25  Supply Depot, Marine  
  77  8:29  Medivac  
  79  8:37  Marine, Barracks  
  79  8:39  Barracks  
  78  8:43  Marine x2  
  78  8:45  Medivac  
  82  8:50  Siege Tank  
  82  8:55  Supply Depot  
  85  8:56  Marine x2  
  85  9:00  Supply Depot  
  85  9:01  Marine x2  
  88  9:03  Marine  
  89  9:12  Supply Depot  
  86  9:22  Siege Tank  
  77  9:24  Command Center  
  77  9:28  Marine  
  77  9:30  Marine  
  71  9:32  Barracks Reactor, Marine  
  71  9:33  Barracks Reactor  
  71  9:34  Marine x2  
  71  9:42  Armory  
  71  9:43  Medivac  
  73  9:46  Medivac, Marine  
  73  9:48  Marine  
  73  9:50  Marine  
  73  9:52  Marine x2  
  78  9:55  Combat Shields  
  79  10:01  Siege Tank  
  79  10:04  Marine  
  79  10:05  Marine  
  81  10:10  Marine  
  81  10:11  Marine x4  
  84  10:15  Marine x2  
  84  10:16  Medivac  
  88  10:22  Marine  
  88  10:23  Marine  
  88  10:26  Medivac  
  91  10:28  Marine  
  91  10:29  Marine x2  
  91  10:30  Marine  
  91  10:31  Marine  
  91  10:32  Marine  
  97  10:36  Marine  
  97  10:37  Siege Tank  
  97  10:39  Marine  
  97  10:41  Marine  
  98  10:46  Marine  
  98  10:47  Liberator  
  98  10:49  Medivac, Marine x2  
  99  10:55  Marine x2  
  97  11:01  Marine  
  97  11:04  Marine x2  
  97  11:10  Orbital Command  
  96  11:11  Marine x2  
  96  11:13  Marine  
  96  11:18  SCV x2  
  100  11:21  Marine  
  101  11:29  Siege Tank  
  101  11:31  Marine  
  104  11:35  Liberator  
  104  11:36  Marine  
  104  11:38  Orbital Command, SCV  
  107  11:40  SCV  
  107  11:46  Marine  
  110  12:01  Marine x2  
  112  12:02  Siege Tank  
  115  12:08  Marine x2  
  115  12:10  Marine x2  
  115  12:11  Marine  
  118  12:19  Factory  
  118  12:21  Refinery  
  118  12:22  Refinery, Marine  
  118  12:26  SCV  
  118  12:29  SCV x2  
  121  12:30  Marine x2  
  121  12:34  Terran Infantry Weapons Level 2  
  123  12:41  Terran Infantry Armor Level 2  
  123  12:42  SCV x2  
  123  12:43  SCV  
  125  12:45  Marine  
  125  12:49  Siege Tank  
  128  12:53  Terran Vehicle Weapons Level 1  
  128  12:54  SCV  
  128  12:59  Marine x2  
  128  13:00  Marine  
  128  13:02  SCV x2  
  128  13:04  Supply Depot  
  128  13:05  Marine x4  
  137  13:14  Marine x2  
  137  13:15  Liberator  
  137  13:17  Marine x3  
  142  13:21  Supply Depot, Siege Tank  
  142  13:24  Factory Tech Lab  
  143  13:29  Marine x4  
  143  13:32  Marine x2  
  150  13:35  Marine x3  
  150  13:41  Supply Depot  
  153  13:44  Sensor Tower  
  153  13:47  Marine x3  
  156  13:49  Supply Depot  
  156  13:51  Siege Tank  
  159  13:59  Marine x4  
  163  14:03  Siege Tank  
  163  14:05  Medivac  
  167  14:18  Marine  
  167  14:19  Marine x4  
  167  14:23  Siege Tank  
  174  14:29  Marine x3  
  177  14:35  Marine, Siege Tank  
  177  14:36  Marine  
  177  14:37  Marine x2  
  184  14:44  Supply Depot  
  182  14:46  Marine  
  182  14:52  Marine x3  
  162  14:55  Siege Tank  
  162  14:58  Supply Depot  
  165  15:02  Marine  
  164  15:07  Siege Tank  
  164  15:08  Marine  
  164  15:09  Marine x2  
  164  15:10  Marine  
  147  15:16  Marine  
  147  15:17  Marine x3  
  147  15:20  Marine  
  135  15:25  Marine  
Tags
 
Add a new tag
Caveats
  • Supply blocks, unpowered buildings, or Contaminate may cause inaccurate times.
  • Supply counts are checked every 10 seconds.